AoeStats
← UserIDAlreadyInUse

Arena

509456645Analyzed
2v2 RM · 4d ago on Sep 26, 2026· 38m 50s· 4 players
Game mode
Random Map
Map size
Medium (4 player)
Population
200
Speed
Normal
Resources
Standard
Victory
Conquest
Starting age
Dark Age
Ending age
Imperial Age
RankedLock teamsTeams togetherTeam positionsShared explorationLock speedFull tech treeHidden civsTurbo modeCheats
Victory
Defeat
🇫🇷 Franks · France
1214
+17
🇫🇷 Bulgarians · France
1207
+17
🇲🇽 Malay · Mexico
1228
-17
🇲🇽 Jurchens · Mexico
1227
-17
Tazys
10:39 Feudal Age
14:28 Castle Age
12:56 Double-Bit Axe
13:10 Loom
27:28 Imperial Age
25:43 Wheelbarrow
27:25 Hand Cart
27:36 Bow Saw
31:16 Cavalier
32:37 Pikeman
34:30 Scale Barding Armor
34:36 Forging
34:16 Fletching
35:42 Husbandry
36:09 Chain Barding Armor
36:24 Iron Casting
35:50 Padded Archer Armor
35:45 Bodkin Arrow
35:51 Scale Mail Armor
36:34 Conscription
38:23 Chemistry
37:55 Town Watch
38:48 Plate Barding Armor
38:31 Chain Mail Armor
39:01 Ballistics
40:12 Blast Furnace
HBDLM
10:51 Feudal Age
9:08 Loom
14:51 Castle Age
14:06 Double-Bit Axe
17:55 Town Watch
18:06 Fletching
35:46 Bodkin Arrow
Ryun Sakashita
0:51 Loom
11:08 Feudal Age
15:44 Castle Age
13:54 Double-Bit Axe
14:21 Horse Collar
25:00 Squires
25:59 Forging
33:57 Imperial Age
31:17 Town Watch
33:53 Conscription
34:10 Iron Casting
33:38 Gold Mining
34:00 Crossbowman
35:31 Fletching
35:45 Padded Archer Armor
37:27 Bodkin Arrow
40:01 Blast Furnace
UserIDAlreadyInUse
12:14 Feudal Age
12:40 Double-Bit Axe
15:56 Castle Age
13:45 Horse Collar
19:05 Padded Archer Armor
22:10 Ballistics
32:49 Imperial Age
31:42 Scale Mail Armor
31:50 Scale Barding Armor
35:00 Squires
35:32 Forging
35:56 Elite Fire Lancer
Connection lost

Rejoining the realm…

Still unreachable

The connection could not be restored.

Session expired

The server has moved on; the page needs a fresh start.